%YAML 1.1
%TAG !u! tag:unity3d.com,2011:
--- !u!114 &-8468546809718396085
MonoBehaviour:
  m_ObjectHideFlags: 0
  m_CorrespondingSourceObject: {fileID: 0}
  m_PrefabInstance: {fileID: 0}
  m_PrefabAsset: {fileID: 0}
  m_GameObject: {fileID: 0}
  m_Enabled: 1
  m_EditorHideFlags: 0
  m_Script: {fileID: 11500000, guid: f81dd184fbdef204da07b4c87cb98ece, type: 3}
  m_Name: Dialogue
  m_EditorClassIdentifier: 
  graph: {fileID: 11400000}
  position: {x: 408, y: -280}
  ports:
    keys:
    - input
    - output
    values:
    - _fieldName: input
      _node: {fileID: -8468546809718396085}
      _typeQualifiedName: GraphNode, Assembly-CSharp, Version=0.0.0.0, Culture=neutral,
        PublicKeyToken=null
      connections:
      - fieldName: output
        node: {fileID: 6069072637616807155}
        reroutePoints: []
      _direction: 0
      _connectionType: 0
      _typeConstraint: 0
      _dynamic: 0
    - _fieldName: output
      _node: {fileID: -8468546809718396085}
      _typeQualifiedName: GraphNode, Assembly-CSharp, Version=0.0.0.0, Culture=neutral,
        PublicKeyToken=null
      connections:
      - fieldName: input
        node: {fileID: -3456874187600394662}
        reroutePoints: []
      _direction: 1
      _connectionType: 0
      _typeConstraint: 0
      _dynamic: 0
  input: {fileID: 0}
  output: {fileID: -8468546809718396085}
  key: 
  dialogue: ...
  voiceover: {fileID: 0}
  expression: {fileID: 11400000, guid: 15843675e073aaa4a9703d4aa40f36c1, type: 2}
--- !u!114 &-6841596430871292613
MonoBehaviour:
  m_ObjectHideFlags: 0
  m_CorrespondingSourceObject: {fileID: 0}
  m_PrefabInstance: {fileID: 0}
  m_PrefabAsset: {fileID: 0}
  m_GameObject: {fileID: 0}
  m_Enabled: 1
  m_EditorHideFlags: 0
  m_Script: {fileID: 11500000, guid: f81dd184fbdef204da07b4c87cb98ece, type: 3}
  m_Name: Dialogue
  m_EditorClassIdentifier: 
  graph: {fileID: 11400000}
  position: {x: 408, y: -24}
  ports:
    keys:
    - input
    - output
    values:
    - _fieldName: input
      _node: {fileID: -6841596430871292613}
      _typeQualifiedName: GraphNode, Assembly-CSharp, Version=0.0.0.0, Culture=neutral,
        PublicKeyToken=null
      connections:
      - fieldName: output
        node: {fileID: -2228644331270913145}
        reroutePoints: []
      _direction: 0
      _connectionType: 0
      _typeConstraint: 0
      _dynamic: 0
    - _fieldName: output
      _node: {fileID: -6841596430871292613}
      _typeQualifiedName: GraphNode, Assembly-CSharp, Version=0.0.0.0, Culture=neutral,
        PublicKeyToken=null
      connections:
      - fieldName: input
        node: {fileID: 5028954890497187758}
        reroutePoints: []
      - fieldName: input
        node: {fileID: 8016916337278867185}
        reroutePoints: []
      _direction: 1
      _connectionType: 0
      _typeConstraint: 0
      _dynamic: 0
  input: {fileID: 0}
  output: {fileID: -6841596430871292613}
  key: 
  dialogue: Oh, right... what was it again?
  voiceover: {fileID: 0}
  expression: {fileID: 11400000, guid: 5db654c9e427309479cc8b6bd9923fd1, type: 2}
--- !u!114 &-3456874187600394662
MonoBehaviour:
  m_ObjectHideFlags: 0
  m_CorrespondingSourceObject: {fileID: 0}
  m_PrefabInstance: {fileID: 0}
  m_PrefabAsset: {fileID: 0}
  m_GameObject: {fileID: 0}
  m_Enabled: 1
  m_EditorHideFlags: 0
  m_Script: {fileID: 11500000, guid: 204db00e3627e24409d366ace3364f73, type: 3}
  m_Name: Exit
  m_EditorClassIdentifier: 
  graph: {fileID: 11400000}
  position: {x: 1192, y: -168}
  ports:
    keys:
    - input
    - output
    values:
    - _fieldName: input
      _node: {fileID: -3456874187600394662}
      _typeQualifiedName: GraphNode, Assembly-CSharp, Version=0.0.0.0, Culture=neutral,
        PublicKeyToken=null
      connections:
      - fieldName: output
        node: {fileID: -8468546809718396085}
        reroutePoints: []
      - fieldName: output
        node: {fileID: 300928661134995787}
        reroutePoints: []
      _direction: 0
      _connectionType: 0
      _typeConstraint: 0
      _dynamic: 0
    - _fieldName: output
      _node: {fileID: -3456874187600394662}
      _typeQualifiedName: GraphNode, Assembly-CSharp, Version=0.0.0.0, Culture=neutral,
        PublicKeyToken=null
      connections: []
      _direction: 1
      _connectionType: 0
      _typeConstraint: 0
      _dynamic: 0
  input: {fileID: 0}
  output: {fileID: -3456874187600394662}
  key: 
--- !u!114 &-2228644331270913145
MonoBehaviour:
  m_ObjectHideFlags: 0
  m_CorrespondingSourceObject: {fileID: 0}
  m_PrefabInstance: {fileID: 0}
  m_PrefabAsset: {fileID: 0}
  m_GameObject: {fileID: 0}
  m_Enabled: 1
  m_EditorHideFlags: 0
  m_Script: {fileID: 11500000, guid: 5f5997cd81d23174c96282aa731fbd17, type: 3}
  m_Name: Response
  m_EditorClassIdentifier: 
  graph: {fileID: 11400000}
  position: {x: 128.48729, y: -77.25354}
  ports:
    keys:
    - input
    - output
    values:
    - _fieldName: input
      _node: {fileID: -2228644331270913145}
      _typeQualifiedName: GraphNode, Assembly-CSharp, Version=0.0.0.0, Culture=neutral,
        PublicKeyToken=null
      connections:
      - fieldName: output
        node: {fileID: 5101916336817284734}
        reroutePoints: []
      _direction: 0
      _connectionType: 0
      _typeConstraint: 0
      _dynamic: 0
    - _fieldName: output
      _node: {fileID: -2228644331270913145}
      _typeQualifiedName: GraphNode, Assembly-CSharp, Version=0.0.0.0, Culture=neutral,
        PublicKeyToken=null
      connections:
      - fieldName: input
        node: {fileID: -6841596430871292613}
        reroutePoints: []
      _direction: 1
      _connectionType: 0
      _typeConstraint: 0
      _dynamic: 0
  input: {fileID: 0}
  output: {fileID: -2228644331270913145}
  key: 
  response: He had a name, y'know.
--- !u!114 &11400000
MonoBehaviour:
  m_ObjectHideFlags: 0
  m_CorrespondingSourceObject: {fileID: 0}
  m_PrefabInstance: {fileID: 0}
  m_PrefabAsset: {fileID: 0}
  m_GameObject: {fileID: 0}
  m_Enabled: 1
  m_EditorHideFlags: 0
  m_Script: {fileID: 11500000, guid: 575ee7957a1de9f4db8bad12fc1298e3, type: 3}
  m_Name: DeadBodyGuardNPC
  m_EditorClassIdentifier: 
  nodes:
  - {fileID: 1683202858161612880}
  - {fileID: 5101916336817284734}
  - {fileID: 6069072637616807155}
  - {fileID: -2228644331270913145}
  - {fileID: -8468546809718396085}
  - {fileID: -6841596430871292613}
  - {fileID: 5028954890497187758}
  - {fileID: 8016916337278867185}
  - {fileID: 300928661134995787}
  - {fileID: -3456874187600394662}
  timesVisited: 0
  inProgress: 0
--- !u!114 &300928661134995787
MonoBehaviour:
  m_ObjectHideFlags: 0
  m_CorrespondingSourceObject: {fileID: 0}
  m_PrefabInstance: {fileID: 0}
  m_PrefabAsset: {fileID: 0}
  m_GameObject: {fileID: 0}
  m_Enabled: 1
  m_EditorHideFlags: 0
  m_Script: {fileID: 11500000, guid: f81dd184fbdef204da07b4c87cb98ece, type: 3}
  m_Name: Dialogue
  m_EditorClassIdentifier: 
  graph: {fileID: 11400000}
  position: {x: 976.6748, y: 80.09764}
  ports:
    keys:
    - input
    - output
    values:
    - _fieldName: input
      _node: {fileID: 300928661134995787}
      _typeQualifiedName: GraphNode, Assembly-CSharp, Version=0.0.0.0, Culture=neutral,
        PublicKeyToken=null
      connections:
      - fieldName: output
        node: {fileID: 8016916337278867185}
        reroutePoints: []
      - fieldName: output
        node: {fileID: 5028954890497187758}
        reroutePoints: []
      _direction: 0
      _connectionType: 0
      _typeConstraint: 0
      _dynamic: 0
    - _fieldName: output
      _node: {fileID: 300928661134995787}
      _typeQualifiedName: GraphNode, Assembly-CSharp, Version=0.0.0.0, Culture=neutral,
        PublicKeyToken=null
      connections:
      - fieldName: input
        node: {fileID: -3456874187600394662}
        reroutePoints: []
      _direction: 1
      _connectionType: 0
      _typeConstraint: 0
      _dynamic: 0
  input: {fileID: 0}
  output: {fileID: 300928661134995787}
  key: 
  dialogue: Riiiiiight
  voiceover: {fileID: 0}
  expression: {fileID: 11400000, guid: 92a3713376030c7438a0bc5d32da4fa6, type: 2}
--- !u!114 &1683202858161612880
MonoBehaviour:
  m_ObjectHideFlags: 0
  m_CorrespondingSourceObject: {fileID: 0}
  m_PrefabInstance: {fileID: 0}
  m_PrefabAsset: {fileID: 0}
  m_GameObject: {fileID: 0}
  m_Enabled: 1
  m_EditorHideFlags: 0
  m_Script: {fileID: 11500000, guid: db7b180e58fcaec40b043e431cc3d64d, type: 3}
  m_Name: Entry
  m_EditorClassIdentifier: 
  graph: {fileID: 11400000}
  position: {x: -409.309, y: -211.97194}
  ports:
    keys:
    - input
    - output
    values:
    - _fieldName: input
      _node: {fileID: 1683202858161612880}
      _typeQualifiedName: GraphNode, Assembly-CSharp, Version=0.0.0.0, Culture=neutral,
        PublicKeyToken=null
      connections: []
      _direction: 0
      _connectionType: 0
      _typeConstraint: 0
      _dynamic: 0
    - _fieldName: output
      _node: {fileID: 1683202858161612880}
      _typeQualifiedName: GraphNode, Assembly-CSharp, Version=0.0.0.0, Culture=neutral,
        PublicKeyToken=null
      connections:
      - fieldName: input
        node: {fileID: 5101916336817284734}
        reroutePoints: []
      _direction: 1
      _connectionType: 0
      _typeConstraint: 0
      _dynamic: 0
  input: {fileID: 0}
  output: {fileID: 1683202858161612880}
  key: 
  visit: 0
--- !u!114 &5028954890497187758
MonoBehaviour:
  m_ObjectHideFlags: 0
  m_CorrespondingSourceObject: {fileID: 0}
  m_PrefabInstance: {fileID: 0}
  m_PrefabAsset: {fileID: 0}
  m_GameObject: {fileID: 0}
  m_Enabled: 1
  m_EditorHideFlags: 0
  m_Script: {fileID: 11500000, guid: 5f5997cd81d23174c96282aa731fbd17, type: 3}
  m_Name: Response
  m_EditorClassIdentifier: 
  graph: {fileID: 11400000}
  position: {x: 680, y: -40}
  ports:
    keys:
    - input
    - output
    values:
    - _fieldName: input
      _node: {fileID: 5028954890497187758}
      _typeQualifiedName: GraphNode, Assembly-CSharp, Version=0.0.0.0, Culture=neutral,
        PublicKeyToken=null
      connections:
      - fieldName: output
        node: {fileID: -6841596430871292613}
        reroutePoints: []
      _direction: 0
      _connectionType: 0
      _typeConstraint: 0
      _dynamic: 0
    - _fieldName: output
      _node: {fileID: 5028954890497187758}
      _typeQualifiedName: GraphNode, Assembly-CSharp, Version=0.0.0.0, Culture=neutral,
        PublicKeyToken=null
      connections:
      - fieldName: input
        node: {fileID: 300928661134995787}
        reroutePoints: []
      _direction: 1
      _connectionType: 0
      _typeConstraint: 0
      _dynamic: 0
  input: {fileID: 0}
  output: {fileID: 5028954890497187758}
  key: 
  response: I uhhhh... I don't know.
--- !u!114 &5101916336817284734
MonoBehaviour:
  m_ObjectHideFlags: 0
  m_CorrespondingSourceObject: {fileID: 0}
  m_PrefabInstance: {fileID: 0}
  m_PrefabAsset: {fileID: 0}
  m_GameObject: {fileID: 0}
  m_Enabled: 1
  m_EditorHideFlags: 0
  m_Script: {fileID: 11500000, guid: f81dd184fbdef204da07b4c87cb98ece, type: 3}
  m_Name: Dialogue
  m_EditorClassIdentifier: 
  graph: {fileID: 11400000}
  position: {x: -184, y: -232}
  ports:
    keys:
    - input
    - output
    values:
    - _fieldName: input
      _node: {fileID: 5101916336817284734}
      _typeQualifiedName: GraphNode, Assembly-CSharp, Version=0.0.0.0, Culture=neutral,
        PublicKeyToken=null
      connections:
      - fieldName: output
        node: {fileID: 1683202858161612880}
        reroutePoints: []
      _direction: 0
      _connectionType: 0
      _typeConstraint: 0
      _dynamic: 0
    - _fieldName: output
      _node: {fileID: 5101916336817284734}
      _typeQualifiedName: GraphNode, Assembly-CSharp, Version=0.0.0.0, Culture=neutral,
        PublicKeyToken=null
      connections:
      - fieldName: input
        node: {fileID: 6069072637616807155}
        reroutePoints: []
      - fieldName: input
        node: {fileID: -2228644331270913145}
        reroutePoints: []
      _direction: 1
      _connectionType: 0
      _typeConstraint: 0
      _dynamic: 0
  input: {fileID: 0}
  output: {fileID: 5101916336817284734}
  key: 
  dialogue: Dead body is right in here, sir!
  voiceover: {fileID: 0}
  expression: {fileID: 11400000, guid: 9a4687a8833c5564f8efda13655c64f4, type: 2}
--- !u!114 &6069072637616807155
MonoBehaviour:
  m_ObjectHideFlags: 0
  m_CorrespondingSourceObject: {fileID: 0}
  m_PrefabInstance: {fileID: 0}
  m_PrefabAsset: {fileID: 0}
  m_GameObject: {fileID: 0}
  m_Enabled: 1
  m_EditorHideFlags: 0
  m_Script: {fileID: 11500000, guid: 5f5997cd81d23174c96282aa731fbd17, type: 3}
  m_Name: Response
  m_EditorClassIdentifier: 
  graph: {fileID: 11400000}
  position: {x: 136, y: -280}
  ports:
    keys:
    - input
    - output
    values:
    - _fieldName: input
      _node: {fileID: 6069072637616807155}
      _typeQualifiedName: GraphNode, Assembly-CSharp, Version=0.0.0.0, Culture=neutral,
        PublicKeyToken=null
      connections:
      - fieldName: output
        node: {fileID: 5101916336817284734}
        reroutePoints: []
      _direction: 0
      _connectionType: 0
      _typeConstraint: 0
      _dynamic: 0
    - _fieldName: output
      _node: {fileID: 6069072637616807155}
      _typeQualifiedName: GraphNode, Assembly-CSharp, Version=0.0.0.0, Culture=neutral,
        PublicKeyToken=null
      connections:
      - fieldName: input
        node: {fileID: -8468546809718396085}
        reroutePoints: []
      _direction: 1
      _connectionType: 0
      _typeConstraint: 0
      _dynamic: 0
  input: {fileID: 0}
  output: {fileID: 6069072637616807155}
  key: 
  response: Thank you, at ease, officer.
--- !u!114 &8016916337278867185
MonoBehaviour:
  m_ObjectHideFlags: 0
  m_CorrespondingSourceObject: {fileID: 0}
  m_PrefabInstance: {fileID: 0}
  m_PrefabAsset: {fileID: 0}
  m_GameObject: {fileID: 0}
  m_Enabled: 1
  m_EditorHideFlags: 0
  m_Script: {fileID: 11500000, guid: 5f5997cd81d23174c96282aa731fbd17, type: 3}
  m_Name: Response
  m_EditorClassIdentifier: 
  graph: {fileID: 11400000}
  position: {x: 680, y: 120}
  ports:
    keys:
    - input
    - output
    values:
    - _fieldName: input
      _node: {fileID: 8016916337278867185}
      _typeQualifiedName: GraphNode, Assembly-CSharp, Version=0.0.0.0, Culture=neutral,
        PublicKeyToken=null
      connections:
      - fieldName: output
        node: {fileID: -6841596430871292613}
        reroutePoints: []
      _direction: 0
      _connectionType: 0
      _typeConstraint: 0
      _dynamic: 0
    - _fieldName: output
      _node: {fileID: 8016916337278867185}
      _typeQualifiedName: GraphNode, Assembly-CSharp, Version=0.0.0.0, Culture=neutral,
        PublicKeyToken=null
      connections:
      - fieldName: input
        node: {fileID: 300928661134995787}
        reroutePoints: []
      _direction: 1
      _connectionType: 0
      _typeConstraint: 0
      _dynamic: 0
  input: {fileID: 0}
  output: {fileID: 8016916337278867185}
  key: 
  response: ...... Doodle McDoodle Bob
